 Dungeon Crawl Stone Soup version 0.24.0-123-gd5b16e6ec5 (webtiles) character file.

Game seed: 509883167204818977, levelgen mode: deterministic

2304 LordRappington the Cleaver (level 9, -6/68 HPs)
             Began as a Minotaur Gladiator on Jan 17, 2020.
             Was a Believer of the Shining One.
             Killed from afar by an electric eel (11 damage)
             ... with a bolt of electricity
             ... on level 8 of the Dungeon.
             The game lasted 00:16:11 (6312 turns).

LordRappington the Cleaver (Minotaur Gladiator)     Turns: 6312, Time: 00:16:11

Health: -6/68      AC: 14    Str: 20    XL:     9   Next: 18%
Magic:  8/8        EV:  7    Int:  8    God:    the Shining One [**....]
Gold:   151        SH:  0    Dex: 11    Spells: 8/8 levels left

rFire    . . .     SeeInvis .   s - +1 war axe (freeze)
rCold    . . .     Gourm    .   (no shield)
rNeg     + . .     Faith    .   E - +0 plate armour
rPois    .         Spirit   .   D - +1 hat
rElec    .         Reflect  .   q - +0 cloak
rCorr    .         Harm     .   (no gloves)
MR       .....                  r - +1 pair of boots
Stlth    ..........             (no amulet)
HPRegen  0.21/turn              (no ring)
MPRegen  0.11/turn              (no ring)

@: glowing, very slow
A: retaliatory headbutt, horns 2
a: Divine Shield, Renounce Religion


You were on level 8 of the Dungeon.
You worshipped the Shining One.
The Shining One was pleased with you.
You were not hungry.

You visited 2 branches of the dungeon, and saw 9 of its levels.

You collected 354 gold pieces.
You spent 203 gold pieces at shops.

Inventory:

Hand Weapons
 c - a +0 antimagic glaive
 s - a +1 war axe of freezing (weapon)
Missiles
 d - 5 throwing nets (quivered)
 m - 24 poisoned darts
Armour
 q - a +0 cloak (worn)
 r - a +1 pair of boots (worn)
 D - a +1 hat (worn)
 E - a +0 plate armour (worn)
Jewellery
 k - an uncursed ring of ice {unknown}
 o - a +3 ring of strength {unknown}
 B - an uncursed ring of protection from fire {unknown}
Wands
 a - a wand of digging (6)
 h - a wand of disintegration (15)
Scrolls
 e - 11 scrolls of identify
 g - a scroll of amnesia
 j - a scroll of remove curse
 p - a scroll of teleportation
 u - a scroll of enchant weapon {unknown}
 w - a scroll of acquirement {unknown}
 x - a scroll of magic mapping {unknown}
 y - a scroll of blinking
 z - a scroll of noise {unknown}
 C - a scroll of fog {unknown}
Potions
 b - 3 potions of curing
 i - a potion of heal wounds {unknown}
 l - a potion of haste {unknown}
 n - a potion of might {unknown}
 t - a potion of agility {unknown}
 v - a potion of flight {unknown}
Comestibles
 f - 4 rations


   Skills:
 - Level 2.4 Fighting
 + Level 14.1 Axes
 - Level 2.2 Throwing
 * Level 0.9 Armour
 - Level 3.6 Dodging


You had 8 spell levels left.
You didn't know any spells.
Your spell library contained the following spells:

 Spells                   Type           Power        Failure   Level  Hunger
 Animate Skeleton         Necr           N/A          100%        1    ##.....
 Apportation              Tloc           #.....       100%        1    ##.....
 Confusing Touch          Hex            #.....       100%        1    ##.....
 Magic Dart               Conj           #...         100%        1    ##.....
 Summon Small Mammal      Summ           #...         100%        1    ##.....
 Blink                    Tloc           N/A          100%        2    ###....
 Call Imp                 Summ           #.......     100%        2    ###....
 Slow                     Hex            #.......     100%        2    ###....
 Conjure Flame            Conj/Fire      #.......     100%        3    ####...
 Mephitic Cloud           Conj/Pois/Air  #.......     100%        3    ####...


Dungeon Overview and Level Annotations

Branches:
Dungeon (8/15)             Temple (1/1) D:5
   Lair: D:8-11

Altars:
Ashenzari
Cheibriados
Dithmenos
Elyvilon
Fedhas
Hepliaklqana
Kikubaaqudgha
Makhleb
Nemelex Xobeh
Okawaru
Qazlal
Ru
Sif Muna
Trog
Uskayaw
Vehumet
Wu Jian
Xom
Yredelemnul
Zin
The Shining One

Shops:
D:7 *


Innate Abilities, Weirdness & Mutations

You reflexively headbutt those who attack you in melee.
You have a pair of horns on your head.


Message History

The electric eel shoots out a bolt of lightning at you!
The bolt of electricity hits you!
* * * LOW HITPOINT WARNING * * *
You enter the shallow water.
Moving in this stuff is going to be slow.
You enter the shallow water.
Moving in this stuff is going to be slow.
The electric eel shoots out a bolt of lightning at you!
The bolt of electricity misses you.
The electric eel shoots out a bolt of lightning at you!
The bolt of electricity hits you.
* * * LOW HITPOINT WARNING * * *
The electric eel shoots out a bolt of lightning at you!
The bolt of electricity hits you!
* * * LOW HITPOINT WARNING * * *
You enter the shallow water.
Moving in this stuff is going to be slow.
The electric eel shoots out a bolt of lightning at you!
The bolt of electricity hits you!
You die...

#.≈♣♣♣≈.≈
#.;♣ ≈.≈
#≈≈♣♣♣≈.≈
#.≈≈≈≈≈.≈
#..≈.≈..≈
#≈≈≈≈≈≈≈≈
#.≈♣♣♣≈≈≈
#≈≈♣ ≈≈≈
#@≈♣ ≈≈
#.≈≈≈≈≈.≈
#≈≈..≈≈..
#########


You could see an electric eel.

Vanquished Creatures
  Prince Ribbit (D:6)
  A water moccasin (D:6)
  2 phantoms
  2 black bears (D:6)
  An ice beast (D:6)
  An orc warrior (D:7)
  2 ogres
  2 centaurs
  A big kobold (D:7)
  A water moccasin zombie (D:7)
  A scorpion (D:7)
  5 wights (D:6)
  An electric eel (D:8)
  A crimson imp (D:8)
  3 orc priests
  3 hounds
  2 orc wizards (D:4)
  A bullfrog skeleton (D:4)
  A centaur skeleton (D:7)
  4 worker ants
  Ijyb (D:5)
  An iguana (D:6)
  8 adders
  A shadow imp (D:7)
  An ooze (D:1)
  An adder zombie (D:7)
  3 worms
  4 dart slugs
  7 leopard geckos
  23 orcs
  11 bats
  23 giant cockroaches
  12 goblins
  2 hobgoblins
  10 jackals
  2 quokkas
  2 ball pythons
  3 frilled lizards
  A giant cockroach zombie (D:5)
  A jackal zombie (D:7)
  9 kobolds
  7 rats
  A plant (D:3)
170 creatures vanquished.

Notes
Turn   | Place    | Note
-------+----------+-------------------------------------------
     0 | D:1      | LordRappington the Minotaur Gladiator began the quest for
                  | the Orb.
     0 | D:1      | Reached XP level 1. HP: 18/18 MP: 0/0
   146 | D:1      | Reached XP level 2. HP: 25/25 MP: 1/1
   291 | D:1      | Reached skill level 4 in Axes
   390 | D:1      | Reached XP level 3. HP: 30/30 MP: 2/2
   875 | D:2      | Reached skill level 5 in Axes
   935 | D:2      | Reached XP level 4. HP: 37/37 MP: 3/3
  1027 | D:2      | Found a glowing golden altar of the Shining One.
  1028 | D:2      | Found an ancient bone altar of Kikubaaqudgha.
  1034 | D:2      | Became a worshipper of the Shining One
  1258 | D:2      | Found a stormy altar of Qazlal.
  1663 | D:3      | Reached skill level 6 in Axes
  2462 | D:3      | Found a snail-covered altar of Cheibriados.
  2480 | D:3      | Reached XP level 5. HP: 41/42 MP: 4/4
  2711 | D:4      | Reached skill level 7 in Axes
  2823 | D:4      | Reached skill level 8 in Axes
  2823 | D:4      | Reached XP level 6. HP: 50/50 MP: 5/5
  3210 | D:4      | Reached skill level 9 in Axes
  3639 | D:4      | Reached * piety under the Shining One
  3687 | D:5      | Entered Level 5 of the Dungeon
  3743 | D:5      | Found a staircase to the Ecumenical Temple.
  3752 | Temple   | Entered the Ecumenical Temple
  3974 | D:5      | Noticed Ijyb
  3982 | D:5      | Killed Ijyb
  4266 | D:5      | Reached XP level 7. HP: 56/56 MP: 6/6
  4324 | D:5      | Reached skill level 10 in Axes
  4447 | D:6      | Found a bloodstained altar of Trog.
  4683 | D:6      | Reached skill level 11 in Axes
  4689 | D:6      | Reached XP level 8. HP: 51/62 MP: 7/7
  4888 | D:6      | Reached skill level 12 in Axes
  4938 | D:6      | Found a white marble altar of Elyvilon.
  4938 | D:6      | Noticed Prince Ribbit
  4971 | D:6      | Killed Prince Ribbit
  5147 | D:6      | Reached skill level 13 in Axes
  5228 | D:6      | Found a glowing golden altar of the Shining One.
  5496 | D:7      | Found Fuquch's Assorted Antiques.
  5499 | D:7      | Bought an embroidered hat for 203 gold pieces
  5571 | D:7      | Reached ** piety under the Shining One
  5723 | D:7      | Reached XP level 9. HP: 54/68 MP: 8/8
  6047 | D:7      | Reached skill level 14 in Axes
  6257 | D:8      | Found a basalt altar of Yredelemnul.
  6312 | D:8      | Killed from afar by an electric eel

Levels and vault maps discovered:
D:1:      tarquinn_simple_flora_water_c, layout_basic
D:2:      minmay_roachtagon, layout_loops_ring, gammafunk_temple_overflow_pools,
          grunt_qazlal_clouds, glass_columns_a, minmay_misc_feat_alley,
          kennysheep_cross_bottleneck
D:3:      layout_basic, cheibriados_altar_1, serial_bayou_pond_c
D:4:      cheibrodos_pilgrimage, layout_basic
D:5:      layout_basic, minmay_temple_entry_poolview, first_ration,
          minmay_increasing_density, uniq_ijyb
D:6:      layout_cave_pods, elyvilon_altar_3, trog_ov_bears_minmay,
          tso_metal_star, uniq_prince_ribbit1
D:7:      layout_layer_cave, serial_shops, kennysheep_mini
D:8:      layout_basic, grunt_gozag_statues, overflow_temple_1_default,
          dpeg_oklobed_lair, basic_altar, hangedman_pestilent_swarm,
          kennysheep_boxes
Temple:   zaba_magenta_temple

Skill      XL: |  1  2  3  4  5  6  7  8  9 |
---------------+----------------------------+-----
Axes           | 4 5 6 8 9 11 13 14 | 14.1
Fighting       | |  2.4
Throwing       | |  2.2
Armour         | |  0.9
Dodging        | |  3.6

Action                   |  1- 3 |  4- 6 |  7- 9 || total
-------------------------+-------+-------+-------++-------
Melee: War axe           |    73 |   156 |   144 ||   373
       Headbutt          |     8 |    21 |    19 ||    48
  Use: Scroll            |       |     6 |     1 ||     7
  Eat: Chunk             |       |    11 |     4 ||    15
       Ration            |       |       |     1 ||     1
Armor: Leather armour    |    10 |       |       ||    10
       Ring mail         |    27 |     5 |       ||    32
       Chain mail        |       |    86 |    52 ||   138
       Plate armour      |       |       |    30 ||    30
Dodge: Dodged            |    78 |    56 |    49 ||   183
